 Dungeon Crawl Stone Soup version 0.30.1-4-g462c640d31 (webtiles) character file.

Game seed: 17685973027358964354

2340 tizbic2 the Twirler (level 9, -8/67 HPs)
             Began as a Vine Stalker Transmuter on Sept 13, 2023.
             Was a Follower of Wu Jian.
             Mangled by a gnoll sergeant
             ... wielding a +3 spear of pain
              (10 damage)
             ... on level 7 of the Dungeon on Sept 14, 2023.
             The game lasted 00:27:54 (5202 turns).

tizbic2 the Twirler (Vine Stalker Transmuter)       Turns: 5202, Time: 00:28:17

Health: -8/67      AC: 24    Str: 17    XL:     9   Next: 43%
Magic:  0/17       EV:  2    Int: 13    God:    Wu Jian [*.....]
Gold:   408        SH:  0    Dex: 15    Spells: 16/17 levels left

rFire   . . .        a - +1 lajatang (vamp)
rCold   . . .        (shield currently unavailable)
rNeg    + . .        n - melded +0 plate armour
rPois   +            z - melded +2 hat
rElec   .            s - melded +2 cloak
rCorr   .            q - melded +1 pair of gloves
SInv    .            l - melded +2 pair of boots
Will    +....        (no amulet)
Stlth   +            t - ring of positive energy
HPRegen 1.11/turn    B - +5 ring of evasion
MPRegen 0.15/turn

%: guardian spirit
@: tree-form, mesmerised
A: stationary, stasis, torment immunity, boosted hp, (fangs 3), regeneration 1,
magic shield, (antimagic bite), no potion heal 2
a: Renounce Religion


You were on level 7 of the Dungeon.
You worshipped Wu Jian.
Wu Jian was aware of your devotion.
You were a tree.
You visited 1 branch of the dungeon, and saw 7 of its levels.

You collected 408 gold pieces.

Inventory:

Hand Weapons
 a - a +1 vampiric lajatang (weapon)
 p - a +0 hand axe
 w - a +0 shortbow
 D - a +0 sling
Missiles
 d - 40 stones
 i - 5 poisoned darts
Armour
 c - a +0 kite shield
 f - a +0 scale mail
 j - a +0 tower shield
 l - a +2 pair of boots (melded)
 n - a +0 plate armour (melded)
 q - a +1 pair of gloves (melded)
 r - a +0 ring mail
 s - a +2 cloak (melded)
 z - a +2 hat (melded)
 A - a +0 helmet
Magical Staves
 e - a staff of air
 E - a staff of cold
Jewellery
 t - a ring of positive energy (left branch)
 B - a +5 ring of evasion (right branch)
Wands
 h - a wand of flame (21)
 y - a wand of paralysis (11)
Scrolls
 g - a scroll of silence {unknown}
 k - 2 scrolls of teleportation {unknown}
 u - a scroll of vulnerability {unknown}
 v - a scroll of summoning
 x - a scroll of enchant weapon {unknown}
 C - a scroll of blinking {unknown}
 F - a scroll of poison
Potions
 b - a potion of lignification
 m - 3 potions of flight
 o - 2 potions of curing {unknown}
 G - a potion of cancellation {unknown}


   Skills:
 + Level 3.9 Fighting
 * Level 5.3 Staves
 * Level 5.0 Armour
 - Level 1.5 Dodging
 - Level 3.2 Unarmed Combat
 + Level 4.8 Spellcasting
 - Level 2.0 Transmutations
 + Level 4.1 Air Magic
 + Level 3.6 Evocations


You had 16 spell levels left.
You knew the following spells:

 Your Spells              Type           Power      Damage    Failure   Level
a - Beastly Appendage     Tmut           16%        N/A       9%          1

Your spell library contained the following spells:

 Spells                   Type           Power      Damage    Failure   Level
 Wereblood                Tmut           8%         N/A       12%         2
 Kiss of Death            Conj/Necr      12%        2d6       19%         1
 Magic Dart               Conj           12%        1d3       19%         1
 Vhi's Electric Charge    Tloc/Air       16%        N/A       24%         3
 Call Imp                 Summ           6%         N/A       28%         2
 Lesser Beckoning         Tloc           6%         N/A       28%         2
 Mephitic Cloud           Conj/Pois/Air  6%         N/A       32%         3
 Spider Form              Tmut/Pois      5%         N/A       36%         3
 Gell's Gravitas          Tloc           3%         N/A       50%         3
 Teleport Other           Tloc           3%         N/A       50%         3
 Ice Form                 Ice/Tmut       5%         N/A       77%         4
 Flame Wave               Conj/Fire      3%         2d5       88%         4
 Arcjolt                  Conj/Air       4%         1d14      92%         5
 Spellforged Servitor     Conj/Summ      1%         N/A       100%        7
 Maxwell's Capacitive Co  Air            6%         ∞         100%        8


Dungeon Overview and Level Annotations

Branches:
Dungeon (7/15)             Temple (0/1) D:6

Altars:
Fedhas
Hepliaklqana
Makhleb
Vehumet
Wu Jian
Xom
Yredelemnul

Shops:
D:5 *   D:6 (

Annotations:
D:7 Maggie, Menkaure


Innate Abilities, Weirdness & Mutations

You are a tree.
Your roots penetrate the ground, keeping you stationary.
You cannot be teleported.
You are immune to unholy pain and torment.
Your maximum health is greatly increased.
Your equipment is partially melded.
((You have razor-sharp teeth.))
Your natural rate of healing is unusually fast.
When hurt, damage is shared between your health and your magic reserves.
((Your bite disrupts and absorbs the magic of your enemies.))
Potions cannot restore your health.


Message History

* * * LOW HITPOINT WARNING * * *
Maggie casts a spell.
Maggie attempts to bespell you!
You are mesmerised by Maggie!
The gnoll sergeant hits you but does no damage.
You hit Maggie.
Maggie is almost dead.
The gnoll hits you from afar with a +0 spear.
* * * LOW HITPOINT WARNING * * *
The gnoll hits you but does no damage.
The gnoll sergeant hits you but does no damage.
Maggie hits you but does no damage.
You hit Maggie but do no damage.
Maggie is almost dead.
Maggie mumbles some strange words.
Maggie draws you further into her thrall.
The gnoll hits you but does no damage.
The gnoll sergeant hits you but does no damage.
The gnoll hits you but does no damage.
You hit Maggie but do no damage.
Maggie is almost dead.
Maggie hits you but does no damage.
The gnoll hits you from afar with a +0 spear.
* * * LOW HITPOINT WARNING * * *
The gnoll sergeant hits you but does no damage.
The gnoll barely misses you.
You barely miss Maggie.
Maggie is almost dead.
Maggie gestures wildly while chanting.
Maggie draws you further into her thrall.
The gnoll hits you from afar with a +0 spear.
The gnoll hits you but does no damage.
The gnoll sergeant hits you but does no damage.
Maggie hits you with a +0 war axe.
* * * LOW HITPOINT WARNING * * *
The gnoll hits you from afar with a +0 spear.
* * * LOW HITPOINT WARNING * * *
The gnoll hits you but does no damage.
The gnoll sergeant hits you from afar with a +3 spear of pain!
You die...

.....§..≈# #...
§≈≈≈≈#..§#. ....##
≈###≈§§§≈#.. ..... .# ..
## #§..≈#...###.... .##..
# #≈..≈# ..#...<. ......
## ##§.§§#>.......##......
≈###≈≈..≈#.#.#.....#......
≈≈§≈≈#..≈##..#....g.......
..§.....≈##..###♣)#.$.....
........≈##......@g...#
≈§.≈≈≈§§§#.......#g...#
##'#######.......#..#$.#
#.†............###.# ....
###########...## ## ..#
##### ##


You could see Maggie (mesmerising), a gnoll sergeant and 2 gnolls.

Vanquished Creatures
  Grinder (D:4)
  Eustachio (D:4)
  2 orc warriors (D:5)
  2 ice beasts
  4 black bears
  A centaur (D:7)
  A phantom (D:6)
  2 kobold brigands
  Blork the orc (D:5)
  A wyvern zombie (D:6)
  A wight (D:5)
  3 bullfrog zombies (D:6)
  A centaur zombie (D:6)
  A lava snake (D:7)
  A hound (D:6)
  3 orc priests
  A sleepcap (D:6)
  3 iguanas
  7 orc wizards
  2 howler monkey zombies (D:6)
  4 gnolls
  10 adders
  A shadow imp (D:4)
  2 white imps
  A dart slug (D:1)
  15 orcs
  5 ball pythons
  6 endoplasms
  4 giant cockroaches
  6 goblins
  12 hobgoblins
  2 jackals (D:2)
  14 kobolds
  6 quokkas
  6 bats
  9 frilled lizards
  5 rats
147 creatures vanquished.

Vanquished Creatures (others)
  An orc (D:5)
1 creature vanquished.

Grand Total: 148 creatures vanquished

Notes
Turn   | Place    | Note
-------+----------+-------------------------------------------
     0 | D:1      | tizbic2 the Vine Stalker Transmuter began the quest for the
                  | Orb.
     0 | D:1      | Reached XP level 1. HP: 9/9 MP: 4/4
   104 | D:1      | Reached skill level 1 in Fighting
   173 | D:1      | Reached XP level 2. HP: 14/14 MP: 6/6
   251 | D:1      | Found a faded altar of an unknown god.
   363 | D:1      | Reached XP level 3. HP: 18/18 MP: 4/7
   581 | D:1      | Found Uwnimax's General Store.
  1178 | D:2      | Reached skill level 1 in Air Magic
  1216 | D:2      | Reached skill level 1 in Staves
  1216 | D:2      | Reached skill level 1 in Armour
  1216 | D:2      | Gained mutation: Your natural rate of healing is unusually
                  | fast. [Vine Stalker growth]
  1216 | D:2      | Reached XP level 4. HP: 15/22 MP: 5/9
  1279 | D:2      | Reached skill level 1 in Evocations
  1549 | D:2      | Reached XP level 5. HP: 25/25 MP: 10/10
  2632 | D:3      | Found a blossoming altar of Fedhas.
  2781 | D:4      | Noticed Eustachio
  2798 | D:4      | Reached XP level 6. HP: 30/30 MP: 8/11
  2870 | D:4      | Killed Eustachio
  2956 | D:4      | Noticed Grinder
  2957 | D:4      | Found a radiant altar of Vehumet.
  2964 | D:4      | Killed Grinder
  2965 | D:4      | Reached XP level 7. HP: 35/35 MP: 11/13
  3489 | D:4      | Found a shimmering altar of Xom.
  3615 | D:5      | Entered Level 5 of the Dungeon
  3648 | D:5      | Found a hazy altar of Hepliaklqana.
  3868 | D:5      | Gained mutation: You have razor-sharp teeth. [Vine Stalker
                  | growth]
  3868 | D:5      | Reached XP level 8. HP: 35/39 MP: 12/14
  4031 | D:5      | Noticed Blork the orc
  4036 | D:5      | Killed Blork the orc
  4135 | D:5      | Found Ipisoory's Mass Market.
  4372 | D:6      | Found an ornate altar of the Wu Jian Council.
  4379 | D:6      | Became a worshipper of the Wu Jian Council
  4466 | D:6      | Found Necrym's Weapon Shop.
  4574 | D:6      | Found a basalt altar of Yredelemnul.
  4654 | D:6      | Reached XP level 9. HP: 44/44 MP: 16/16
  4712 | D:6      | Found a burning altar of Makhleb.
  4725 | D:6      | Reached * piety under Wu Jian
  4794 | D:6      | Found a staircase to the Ecumenical Temple.
  4964 | D:7      | Noticed Menkaure
  5015 | D:6      | Reached skill level 5 in Staves
  5077 | D:7      | Got the Precepts of the Aerial Missiles
  5152 | D:7      | Reached skill level 5 in Armour
  5169 | D:7      | Noticed Maggie
  5202 | D:7      | HP: 3/67 [Maggie/+0 war axe (6)]
  5202 | D:7      | Mangled by a gnoll sergeant

Illustrated notes

Levels and vault maps discovered:
D:1:      minmay_arrival_nine_rooms, layout_basic, serial_shops,
          nicolae_shop_rolling_square,
          hellmonk_ecumenical_altar_pennies_from_heaven, minmay_lizard_pond
D:2:      cheibrodos_pilgrimage, layout_basic, kennysheep_minor_cross
D:3:      layout_basic, mainiacjoe_overflow_alcove_2
D:4:      layout_basic, nicolae_vehumet_altar_sigil, tgw_xom, uniq_eustachio,
          uniq_grinder
D:5:      layout_loops_cross, mainiacjoe_overflow_concentric_impassable,
          minmay_shop_mass, sword_in_stone, uniq_blork_the_orc
D:6:      layout_cave_pools, nicolae_yredelemnul_corpse_copse,
          mainiacjoe_overflow_chevrons, mainiacjoe_overflow_paths,
          minmay_temple_entry_crystal_x, serial_shops, shop_fountains
D:7:      layout_cave_pools, kennysheep_slug_shrine, grunt_ogre_cave,
          kennysheep_diamond, kennysheep_path_1, chequers_serial_rivers_micro_c,
          minmay_puff, uniq_maggie, uniq_menkaure, uniq_pikel

Skill      XL: |  1  2  3  4  5  6  7  8  9 |
---------------+----------------------------+-----
Fighting       | 1 2 3 |  3.9
Air Magic      | 1 2 3 4 |  4.1
Staves         | 1 2 3 4 5 |  5.3
Armour         | 1 2 3 4 5 |  5.0
Evocations     | 1 2 3 |  3.6
Spellcasting   | 3 4 |  4.8
Dodging        | |  1.5
Unarmed Combat | |  3.2
Transmutations | |  2.0

Action                     |  1- 3 |  4- 6 |  7- 9 || total
---------------------------+-------+-------+-------++-------
  Melee: Hand axe          |    10 |       |       ||    10
         Headbutt          |     5 |       |       ||     5
         Bite              |    17 |    30 |    87 ||   134
         Kick              |     3 |       |       ||     3
         Punch             |     3 |       |       ||     3
         Staff             |    24 |       |       ||    24
         Lajatang          |    50 |   157 |   326 ||   533
   Fire: Sling             |    11 |     3 |       ||    14
         Shortbow          |       |       |     5 ||     5
   Cast: Beastly Appendage |     3 |       |       ||     3
Ability: Lunge             |       |       |    11 ||    11
         Whirlwind         |       |       |    12 ||    12
    Use: Scroll            |     4 |     1 |     2 ||     7
         Potion            |       |       |     1 ||     1
   Stab: Sleeping          |     1 |       |       ||     1
 Armour: Robe              |     1 |       |       ||     1
         Scale mail        |    12 |       |       ||    12
         Plate armour      |    55 |   243 |   313 ||   611
         Skin              |       |       |    34 ||    34
  Dodge: Dodged            |    31 |    74 |   126 ||   231
